cohdb
Replays
Latest Replays
All Replays
Popular Replays
Top Player Replays
Match Explorer
How It Works
Community
CoH3 Stats
Reddit
Sign in to upload your games and track your stats! →
Sign in with Steam
Match 41441499
Unlisted
Match 41441499
Overview
Messages
Build Orders
End
Kradschützen Motorcycle Team
Selects Battlefield Espionage Battlegroup
Panzerpioneer Squad
Panzergrenadier Squad
250 Light Carrier
Panzerpioneer Squad
Construct Light Support Kompanie
Combat Half-tracks
MG34 Team
Panzerjäger Mechanized Group
Selects Sector Subterfuge Beacon
Selects Plunder
Fire Support Elements
Selects 250/3 Funkpanzerwagen
Flakvierling Half-track
2.5-tonne Medical Truck
Vehicle Survival Package
Selects Anti-Tank Incendiary Munitions
250 Light Carrier
Flakvierling Half-track
Panzergrenadier Squad
Construct Panzerarmee Kommand
Panzer III L Medium Tank
Selects Disruption Operation
Selects Operation Skorpion
Rapid Advance
Panzerjäger Mechanized Group
Panzer III L Medium Tank
Flak 36 Anti-tank Gun Team
(502) Bad Gateway
Brother Bubbicus
0
0
Comments
sign in to comment!
No comments posted yet!